 Dungeon Crawl Stone Soup version 0.15-a0-2151-gce93697 (webtiles) character file.

71 Sabsy the Sneak (level 4, 0/44 HPs)
             Began as an Ogre Assassin on July 19, 2014.
             Succumbed to poison (a potion of poison)
             ... on Level 2 of the Dungeon.
             The game lasted 00:15:24 (2885 turns).

Sabsy the Sneak (Ogre Assassin)                     Turns: 2885, Time: 00:15:24

HP   0/44        AC  6     Str 16      XL: 4   Next: 24%
MP   4/4         EV 14     Int 10      God:
Gold 148         SH  0     Dex 17      Spells:  0 memorised,  3 levels left

rFire  . . .     SeeInvis .     j - -3 dagger (curse)
rCold  . . .     Clarity  .     i - +0 robe
rNeg   . . .     rCorr    .     (shield restricted)
rPois  .         rRot     .     (helmet restricted)
rElec  .         Spirit   .     d - +1 cloak
SustAb .         Warding  .     (gloves unavailable)
rMut   .         Stasis   .     (boots unavailable)
Gourm  +                        c - amulet of the gourmand
MR     .....                    (no ring)
                                (no ring)

@: agile, lethally poisoned, very slightly contaminated, invisible, not
resistant to hostile enchantments, fairly stealthy
A: unfitting armour, molten scales 1, tough skin 1
a: no special abilities


You were on level 2 of the Dungeon.
You were hungry.

You visited 1 branch of the dungeon, and saw 3 of its levels.

You collected 148 gold pieces.

Inventory:

Hand weapons
 a - a +2 club
 b - a +0 blowgun
 j - a cursed -3 dagger (weapon)
Missiles
 e - 8 poisoned needles
 f - 2 curare-tipped needles
 m - 31 stones (quivered)
Armour
 d - a +1 cloak (worn)
 i - a +0 robe (worn)
Comestibles
 l - a bread ration
 p - 2 rotting chunks of goblin flesh
Scrolls
 k - 2 scrolls of identify
Jewellery
 c - an amulet of the gourmand (around neck)


   Skills:
 - Level 2.6 Fighting
 - Level 2.6 Maces & Flails
 * Level 3.9 Throwing
 - Level 0.8 Dodging
 - Level 4.0 Stealth


You had 3 spell levels left.
You didn't know any spells.

Dungeon Overview and Level Annotations

Branches:
Dungeon (3/15)

Altars:

Annotations:
D:3 exclusion: gnoll, Ijyb


Innate Abilities, Weirdness & Mutations

You are too large for most types of armour.
You have tough skin (AC +1).
You are partially covered in molten scales (AC +1).


Message History

* * * LOW HITPOINT WARNING * * *
You feel sick. The quokka closely misses you.
Drink which item? (? for menu, Esc to quit)
You fade into invisibility!
It was a potion of invisibility.
The quokka misses you. The quokka barely misses you.
You are very lightly contaminated with residual magic.
Drink which item? (? for menu, Esc to quit)
Molten scales grow over part of your body.
You feel fantastic!
It was a potion of beneficial mutation.
* * * LOW HITPOINT WARNING * * *
You feel sick. The quokka barely misses you.
You smell something rotten. (slot p)
You aren't carrying any potions.
You spend a moment contemplating the meaning of life.
You hit the quokka but do no damage.
* * * LOW HITPOINT WARNING * * *
You feel sick. The quokka misses you.
You closely miss the quokka.
You die...

.# .# ### .#### ###
#.# ....# #.# #.#
+##.# #.###### #.#
....# #......# #.#
....# #......# #.#
...######......###.#
................@r>#
...............###'##
.#####..............#
.#####.....)........#
....................#
..###.#.#..###......#
..# #.#.#..# #####.##
..###...#..#######.#
...................#


You could see a quokka (wandering).

Vanquished Creatures
  An adder (D:3)
  A giant mite (D:2)
  3 worms
  2 giant geckos (D:1)
  An ooze (D:1)
  An orc (D:3)
  A ball python (D:2)
  3 bats
  A giant cockroach (D:2)
  3 hobgoblins
  3 giant newts
  7 goblins
  7 kobolds
  6 rats
40 creatures vanquished.

Notes
Turn   | Place    | Note
--------------------------------------------------------------
     0 | D:1      | Sabsy, the Ogre Assassin, began the quest for the Orb.
     0 | D:1      | Reached XP level 1. HP: 22/22 MP: 1/1
   137 | D:1      | Reached XP level 2. HP: 22/29 MP: 2/2
  1159 | D:1      | Reached skill level 4 in Stealth
  1310 | D:2      | Reached XP level 3. HP: 31/36 MP: 3/3
  2394 | D:3      | Reached XP level 4. HP: 31/44 MP: 4/4
  2610 | D:3      | Noticed Ijyb
  2883 | D:2      | Gained mutation: You are partially covered in molten scales (AC +1). [potion of beneficial mutation]
  2883 | D:2      | HP: 2/44 [poison (a potion of poison)]
  2885 | D:2      | Succumbed to poison (a potion of poison)

Action                   |  1- 3 |  4- 6 || total
-------------------------+-------+-------++-------
Melee: Club              |    24 |       ||    24
       Dagger            |   180 |    80 ||   260
Throw: Stone             |    74 |    35 ||   109
  Use: Scroll            |     6 |     1 ||     7
       Potion            |       |     4 ||     4
 Stab: Sleeping          |     5 |       ||     5
  Eat: Chunk             |     1 |       ||     1
       Meat ration       |     1 |       ||     1
